Map: 破晓之战 - 天梯版 (虚空)

Players

Beastyqt

  • Race: Terran Terran
  • Spawn Location: 1:00

Rex - Winner!

  • Race: Zerg Zerg
  • Spawn Location: 7:00

Event: WESG 2016 Finals

VOD

Have the link to the VOD?

Description

Time

  • Played on: Jan. 12, 2017, 4:13 a.m.
  • Length: 19:44

All games in this series

Show
View Real Time Build Order
Export as new Build Order

Beastyqt Terran 

Build Orders: Reaper Expand, MMM Bio 

Get SALT Encoding   

  12  0:00  SCV  
  13  0:12  SCV  
  14  0:18  Supply Depot  
  14  0:24  SCV  
  15  0:39  SCV  
  15  0:41  Barracks  
  16  0:44  Refinery  
  16  0:51  SCV  
  17  1:03  SCV  
  18  1:15  SCV  
  19  1:28  Orbital Command, Reaper  
  20  1:42  Command Center  
  20  1:52  Barracks  
  20  1:56  SCV  
  20  2:01  Barracks Reactor  
  21  2:05  Supply Depot  
  21  2:09  SCV  
  22  2:19  Refinery  
  22  2:21  SCV  
  23  2:29  Factory  
  23  2:34  SCV  
  24  2:38  Marine x2  
  24  2:41  Barracks Tech Lab  
  26  2:47  SCV  
  27  2:54  Orbital Command  
  27  2:57  Marine x2  
  29  2:59  SCV  
  29  3:00  Marine  
  31  3:07  Stimpack  
  31  3:11  SCV  
  32  3:14  Marine  
  33  3:21  Starport  
  33  3:24  SCV  
  33  3:25  SCV  
  35  3:31  Marine x2  
  35  3:34  Factory Reactor  
  36  3:36  SCV  
  36  3:40  Marine, Supply Depot  
  38  3:42  SCV  
  39  3:48  SCV  
  39  3:49  Marine x2  
  39  3:54  SCV  
  43  3:58  Supply Depot  
  43  4:00  SCV  
  43  4:02  Supply Depot  
  44  4:04  Marine  
  44  4:07  SCV  
  44  4:08  Marine  
  47  4:13  SCV, Medivac  
  47  4:14  Medivac  
  47  4:16  Marine  
  53  4:20  SCV  
  53  4:23  Refinery  
  54  4:25  SCV  
  54  4:31  Marine x2, Widow Mine  
  54  4:32  SCV  
  54  4:36  Marine  
  54  4:37  SCV, Supply Depot  
  61  4:42  Liberator  
  61  4:44  SCV, Engineering Bay  
  62  4:49  SCV  
  62  4:50  Medivac  
  62  4:51  Marine x2  
  67  4:57  SCV  
  71  5:03  Supply Depot  
  71  5:04  SCV  
  71  5:05  Marine  
  73  5:08  Factory Tech Lab  
  73  5:09  Marine, SCV  
  73  5:10  Terran Infantry Weapons Level 1  
  75  5:16  Marine, SCV  
  75  5:18  Supply Depot  
  75  5:19  Combat Shields  
  77  5:23  Marine  
  77  5:25  SCV  
  79  5:29  Marine, Supply Depot  
  79  5:34  SCV  
  81  5:43  Siege Tank  
  81  5:48  Marine  
  82  5:51  Command Center, Medivac  
  82  5:53  Marine  
  82  5:55  SCV  
  80  5:59  SCV  
  80  6:00  Marine  
  80  6:02  Refinery  
  82  6:06  Marine  
  82  6:07  SCV  
  82  6:11  Marine  
  84  6:12  SCV  
  84  6:18  Marine, Barracks  
  74  6:19  Barracks  
  74  6:20  SCV  
  74  6:21  Barracks  
  74  6:22  Siege Tank  
  74  6:24  SCV  
  79  6:32  Marine x2, SCV, Liberator  
  82  6:38  Marine  
  83  6:41  Supply Depot  
  83  6:42  SCV, Liberator  
  84  6:49  Marine  
  84  6:50  Marine, SCV  
  90  6:56  Marine  
  90  6:58  Siege Tank  
  97  7:04  Terran Infantry Armor Level 1  
  97  7:07  Marine x2  
  97  7:08  Barracks Reactor, Barracks Tech Lab  
  97  7:09  Barracks Tech Lab  
  97  7:11  SCV  
  97  7:14  Marine  
  99  7:18  SCV  
  100  7:24  Missile Turret  
  100  7:25  Marine, Supply Depot  
  100  7:26  Marine  
  100  7:29  SCV  
  103  7:32  Marine, Siege Tank  
  103  7:36  Marine x2  
  109  7:37  SCV  
  109  7:42  Missile Turret  
  110  7:44  Marine  
  110  7:45  Marine  
  110  7:47  Marine  
  110  7:49  Marine  
  114  7:58  Marine, Medivac x2  
  117  8:04  Marine  
  117  8:05  Marauder, Orbital Command  
  121  8:06  Marine  
  121  8:09  Refinery  
  121  8:10  Marine  
  121  8:11  Siege Tank  
  123  8:16  SCV  
  117  8:23  SCV  
  117  8:25  Marine x2  
  120  8:27  Marauder  
  120  8:28  SCV  
  120  8:34  Marine x2, SCV  
  121  8:40  Refinery  
  123  8:41  Command Center  
  123  8:43  Marine  
  123  8:44  Marine  
  123  8:46  Armory  
  123  8:48  Marine  
  126  8:49  Marine x2  
  126  8:51  SCV  
  126  8:52  Siege Tank  
  126  8:55  SCV  
  132  8:56  Liberator  
  132  8:58  SCV  
  133  9:09  Supply Depot  
  133  9:10  Supply Depot  
  133  9:12  Marine x2, SCV  
  133  9:14  Liberator  
  133  9:25  Marine x3  
  133  9:26  Engineering Bay  
  133  9:31  Marine, Marauder  
  139  9:37  Terran Infantry Weapons Level 2, Terran Vehicle Weapons Level 1  
  139  9:39  SCV  
  139  9:43  Marine x2, Missile Turret  
  142  9:47  Missile Turret  
  142  9:49  Liberator, Missile Turret  
  142  9:51  Sensor Tower  
  142  9:52  SCV x2  
  144  9:59  SCV  
  144  10:06  Siege Tank  
  144  10:07  Marine x2  
  149  10:10  SCV  
  149  10:13  Terran Infantry Armor Level 2  
  152  10:14  Marine x2  
  154  10:25  Planetary Fortress  
  154  10:27  Marine x2  
  156  10:33  SCV x2  
  156  10:34  SCV  
  156  10:35  Liberator  
  159  10:37  Ghost Academy  
  159  10:43  Fusion Core  
  159  10:45  SCV x2, Starport  
  159  10:47  Missile Turret  
  159  10:48  Missile Turret  
  159  10:49  Factory Reactor, Missile Turret  
  161  10:51  Missile Turret  
  164  10:58  Refinery x2  
  164  11:03  Supply Depot  
  164  11:05  Supply Depot  
  164  11:08  Liberator  
  164  11:11  Supply Depot  
  164  11:22  Liberator  
  164  11:24  Command Center  
  164  11:25  SCV x3, Ghost  
  170  11:26  Marine x2, Ghost x2  
  173  11:32  Marine  
  173  11:33  Marine  
  173  11:37  SCV  
  173  11:39  Advanced Ballistics  
  178  11:42  SCV  
  178  11:44  Marine, SCV  
  181  11:47  Marine  
  181  11:53  Marine x2, Ghost  
  184  11:55  SCV  
  184  11:56  SCV  
  188  12:04  Supply Depot  
  188  12:05  Personal Cloaking  
  188  12:12  Missile Turret  
  188  12:15  Missile Turret  
  188  12:23  Liberator  
  188  12:25  Marine x4, Ghost x2  
  188  12:29  Marine, Widow Mine x2  
  196  12:38  Liberator  
  196  12:42  Terran Infantry Weapons Level 3  
  196  12:43  Marine, Terran Infantry Armor Level 3  
  200  12:47  Marine  
  200  13:09  Command Center  
  200  13:11  Liberator  
  199  13:13  Ghost  
  199  13:27  Liberator  
  199  13:30  Planetary Fortress  
  194  13:39  Marine  
  155  13:42  Ghost x2  
  155  13:43  Marine, Ghost  
  155  13:44  Marine  
  155  13:46  Marine  
  155  13:47  SCV  
  155  13:48  SCV  
  166  13:50  SCV  
  166  13:51  Widow Mine  
  169  13:57  Marine  
  169  14:01  Marine  
  171  14:03  Marine  
  171  14:04  Marine  
  173  14:10  SCV x2, Ghost  
  173  14:11  Marauder, SCV  
  173  14:12  Marauder  
  173  14:13  Missile Turret  
  173  14:15  Marine  
  183  14:19  Marine  
  183  14:20  Marine, Liberator  
  183  14:22  Marine  
  186  14:29  SCV  
  187  14:32  Ghost  
  187  14:36  Ghost  
  194  14:42  Corvid Reactor  
  194  14:45  Viking  
  196  14:50  Orbital Command  
  196  14:51  SCV  
  196  14:52  Refinery  
  197  14:53  Refinery  
  197  14:58  Marine  
  197  14:59  Marine x2  
  198  15:15  Command Center  
  198  15:18  Sensor Tower  
  198  15:19  Ghost  
  196  15:21  Marine  
  185  15:33  Marine x2  
  173  15:37  Ghost  
  135  15:43  Ghost  
  135  15:44  Marine x2  
  135  15:45  SCV  
  135  15:46  Viking  
  135  15:48  Marine  
  142  15:50  Marine  
  142  15:52  SCV x2  
  145  15:58  Marine  
  145  15:59  Building Armor  
  145  16:00  Hi-Sec Auto Tracking  
  145  16:01  Terran Ship Weapons Level 1  
  146  16:06  Marauder  
  146  16:07  Barracks, Nuke  
  146  16:10  Marine, Barracks, Marauder  
  151  16:14  Marine, Medivac x2  
  156  16:19  Widow Mine  
  156  16:20  Viking  
  156  16:26  Widow Mine  
  156  16:28  Marauder  
  156  16:32  Command Center  
  160  16:34  Marine x2  
  162  16:41  Marine  
  162  16:44  Recalibrated Explosives  
  162  16:45  Marine  
  162  16:55  Starport x3  
  150  17:07  Marine, Marauder x2, Barracks Tech Lab  
  150  17:08  Barracks Tech Lab, Marine x2  
  156  17:10  Marine  
  156  17:14  Raven  
  160  17:21  Marine  
  153  17:24  Marine  
  153  17:26  Marine x2, Viking x2  
  141  17:38  Marine, Marauder x2  
  141  17:39  Marine  
  141  17:41  Marine  
  147  17:47  Marine x2  
  147  17:48  Marine  
  147  17:50  Marine  
  138  17:55  Viking  
  138  17:56  Marine  
  138  17:57  Marine  
  142  18:01  Viking, Raven  
  142  18:02  Starport Tech Lab x2  
  142  18:03  Starport Tech Lab  
  146  18:08  Liberator x3  
  146  18:09  Ghost x3, Missile Turret  
  152  18:19  Marine x2  
  147  18:25  Viking  
  146  18:36  Marine  
  146  18:39  Marine  
  146  18:41  Ghost  
  129  18:42  Marine x2  
  129  18:43  Marine  
  129  18:46  Marine  
  102  18:51  Marine, Raven  
  102  18:55  Marine  
  100  18:58  Marine x2, Orbital Command  
  100  18:59  Marine  
  100  19:04  Marine x2, Medivac  
  100  19:08  Marine  
  100  19:09  Marine  
  109  19:10  Marine, Medivac  
  109  19:30  Unknown x12  
Show
View Real Time Build Order
Export as new Build Order

Rex Zerg - Winner!

Build Orders: Hatch First, Muta Ling Bane 

Get SALT Encoding   

  12  0:01  Drone  
  13  0:08  Drone  
  14  0:17  Overlord  
  14  0:25  Drone, Extractor  
  15  0:36  Drone x2  
  17  0:53  Hatchery  
  17  0:56  Drone  
  17  0:59  Drone  
  18  1:06  Extractor  
  17  1:14  Spawning Pool  
  17  1:18  Drone  
  17  1:21  Drone  
  18  1:28  Drone  
  19  1:38  Overlord  
  19  2:01  Queen  
  19  2:02  Zergling x4  
  19  2:05  Metabolic Boost, Queen  
  25  2:09  Drone  
  25  2:13  Drone  
  27  2:16  Drone  
  27  2:20  Drone  
  29  2:29  Drone  
  30  2:38  Drone  
  30  2:40  Drone  
  32  2:44  Queen  
  32  2:46  Overlord  
  35  2:51  Drone  
  35  2:55  Overlord  
  35  3:02  Drone  
  36  3:10  Queen  
  38  3:14  Drone x5  
  43  3:22  Drone x2  
  43  3:23  Drone  
  46  3:27  Drone  
  46  3:31  Overlord  
  46  3:32  Overlord  
  47  3:37  Hatchery  
  46  3:45  Overlord  
  46  3:46  Overlord  
  46  3:51  Queen  
  46  3:54  Queen  
  50  3:57  Drone x2  
  50  4:00  Drone x2  
  54  4:06  Drone  
  54  4:07  Drone x2  
  54  4:08  Drone x2  
  54  4:09  Drone  
  60  4:15  Drone  
  61  4:19  Extractor  
  61  4:20  Evolution Chamber x2  
  61  4:21  Overlord  
  58  4:30  Queen x2  
  61  4:38  Zergling x2  
  61  4:39  Zergling x10  
  61  4:42  Zergling x4  
  69  4:46  Zerg Melee Weapons Level 1  
  69  4:50  Zergling x4  
  71  4:54  Zergling x2  
  71  4:57  Zerg Ground Armor Level 1  
  71  5:00  Zergling x4  
  71  5:01  Zergling x4  
  71  5:07  Zergling x2  
  76  5:10  Lair  
  76  5:11  Zergling x2  
  76  5:12  Zergling x2  
  78  5:15  Zergling x2  
  79  5:23  Baneling Nest  
  78  5:29  Drone x5  
  78  5:32  Overlord  
  83  5:37  Drone  
  83  5:38  Drone  
  83  5:41  Drone x2  
  83  5:42  Drone  
  87  5:43  Drone x2, Overlord  
  88  5:50  Drone x2  
  88  5:51  Drone x4  
  88  5:56  Zergling x4  
  95  6:02  Zergling x2  
  92  6:20  Drone x2  
  92  6:21  Drone x3, Extractor  
  92  6:22  Extractor  
  95  6:28  Drone  
  95  6:30  Drone, Hatchery  
  96  6:34  Spore Crawler  
  96  6:36  Centrifical Hooks, Spore Crawler  
  96  6:38  Overlord x2  
  94  6:41  Hatchery  
  94  6:46  Drone x7  
  95  6:53  Overlord  
  95  6:54  Pneumatized Carapace  
  95  7:04  Zerg Melee Weapons Level 2  
  95  7:06  Drone x3  
  95  7:07  Drone  
  95  7:08  Zergling x12  
  105  7:09  Extractor  
  105  7:12  Zerg Ground Armor Level 2  
  104  7:24  Zergling x10  
  104  7:26  Overlord  
  109  7:30  Extractor  
  109  7:33  Spire, Zergling x10  
  109  7:34  Baneling  
  112  7:39  Drone x2  
  114  7:45  Zergling x10  
  114  7:50  Zergling x2  
  114  7:51  Zergling x4  
  121  7:58  Overlord  
  121  8:03  Spore Crawler x2  
  119  8:11  Baneling x6, Overlord x2  
  119  8:12  Drone, Overlord  
  120  8:13  Drone x6  
  120  8:22  Drone  
  120  8:23  Drone x7  
  128  8:46  Mutalisk  
  128  8:47  Mutalisk x8  
  146  8:48  Overlord  
  146  8:54  Extractor  
  145  8:56  Zergling x2  
  145  8:57  Zergling x18  
  145  9:00  Overseer  
  145  9:01  Overseer  
  155  9:03  Zergling x6  
  155  9:05  Overlord x2  
  155  9:11  Overlord  
  154  9:17  Baneling x13  
  154  9:20  Zergling x16  
  162  9:24  Baneling x3  
  162  9:26  Drone x3  
  162  9:27  Drone  
  166  9:33  Zerg Flyer Weapons Level 1  
  166  9:39  Mutalisk  
  166  9:40  Mutalisk  
  166  9:41  Zergling x2  
  166  9:42  Zergling x16  
  166  9:45  Baneling x7  
  178  10:06  Infestation Pit, Overlord x2  
  177  10:12  Zergling x12  
  177  10:13  Zergling x12  
  189  10:14  Overlord x2  
  189  10:15  Overlord  
  187  10:24  Mutalisk x6  
  197  10:33  Hatchery  
  197  10:35  Zergling x6  
  199  10:45  Hive  
  199  11:04  Baneling x19  
  199  11:05  Baneling x7  
  195  11:45  Zergling x2  
  195  11:46  Zergling x8  
  198  11:59  Zerg Ground Armor Level 3  
  198  12:01  Zerg Melee Weapons Level 3  
  189  12:02  Ultralisk Cavern  
  189  12:03  Extractor  
  187  12:11  Zergling x20  
  193  12:30  Hatchery x2  
  193  12:34  Greater Spire  
  188  12:48  Chitinous Plating  
  188  13:00  Viper x2  
  188  13:01  Viper  
  188  13:04  Drone x3  
  200  13:09  Extractor  
  200  13:10  Spore Crawler  
  200  13:12  Spine Crawler  
  194  13:13  Spine Crawler  
  192  13:25  Overlord  
  192  13:26  Adrenal Glands  
  185  13:39  Corruptor x6  
  165  13:47  Zerg Flyer Weapons Level 2  
  155  13:51  Corruptor x2  
  155  13:54  Overlord x2  
  159  13:57  Drone x2  
  159  13:58  Extractor  
  159  14:02  Ultralisk x4  
  184  14:04  Zergling x2  
  184  14:05  Zergling x18  
  193  14:26  Brood Lord x2  
  193  14:27  Brood Lord  
  199  14:37  Drone  
  198  14:45  Overseer  
  198  14:46  Overseer x2  
  198  14:53  Drone x2, Spore Crawler x2, Spine Crawler  
  198  14:54  Spine Crawler  
  198  14:58  Drone x3  
  198  14:59  Drone x2  
  200  15:09  Spore Crawler  
  168  15:29  Corruptor x14  
  177  15:42  Zergling x22  
  162  15:44  Corruptor, Zergling x4  
  162  15:46  Corruptor x6  
  162  15:47  Zergling x16  
  178  15:54  Corruptor x2  
  178  15:55  Zergling x10  
  187  16:04  Zergling x4  
  187  16:05  Zergling x10  
  187  16:07  Baneling x8  
  187  16:08  Zergling x12  
  200  16:19  Baneling  
  192  16:28  Brood Lord x3  
  192  16:32  Baneling  
  198  16:33  Baneling x5  
  198  16:35  Overseer x3  
  187  16:58  Hatchery  
  179  17:06  Ultralisk x2, Zergling x2  
  179  17:07  Zergling x10  
  189  17:14  Ultralisk, Zergling x2  
  189  17:15  Zergling x2  
  192  17:22  Zergling x2  
  192  17:23  Zergling x12  
  192  17:24  Zergling x2  
  195  17:32  Zergling x12  
  187  17:39  Zergling x24  
  196  17:46  Zergling x4  
  196  17:47  Zergling x12  
  196  17:49  Zergling x6  
  196  17:50  Overlord  
  184  17:54  Baneling x6  
  184  17:55  Baneling x2  
  192  17:59  Brood Lord x4  
  191  18:07  Overseer x2  
  187  18:24  Baneling Nest, Spine Crawler  
  187  18:27  Spore Crawler  
  168  18:38  Zergling x2  
  168  18:39  Zergling x2  
  168  18:40  Zergling x36  
  154  18:49  Zergling x2  
  154  18:52  Overseer  
  154  18:55  Zergling x2  
  153  19:06  Zergling x2  
  152  19:11  Swarm Host  
  152  19:12  Zergling x2  
  152  19:13  Zergling x26  
  165  19:19  Baneling  
  165  19:20  Baneling x12  
Tags
 
Add a new tag
Caveats
  • Supply blocks, unpowered buildings, or Contaminate may cause inaccurate times.
  • Supply counts are checked every 10 seconds.